 Dungeon Crawl Stone Soup version 0.26.1 (webtiles) character file.

Game seed: 4984975356424760702

13675 Morgon the Carver (level 11, -21/83 HPs)
             Began as a Vampire Berserker on Feb 7, 2021.
             Was a High Priest of Trog.
             Engulfed by an ice statue's freezing vapour (38 damage)
             ... in an ice cave.
             The game lasted 00:55:25 (11716 turns).

Morgon the Carver (Vampire Berserker)              Turns: 11716, Time: 00:55:25

Health: -21/83     AC: 12    Str: 16    XL:     11   Next: 78%
Magic:  0/11       EV: 26    Int: 15    God:    Trog [*****.]
Gold:   621        SH:  0    Dex: 18    Spells: 10/10 levels left

rFire    . . .     SeeInvis +   a - +4 long sword
rCold    . . .     Faith    .   (no shield)
rNeg     . . .     Spirit   +   P - +0 steam dragon scales
rPois    .         Reflect  .   H - +2 helmet
rElec    .         Harm     .   (no cloak)
rCorr    .         Rampage  .   G - +2 pair of gloves
Will     +....                  z - +0 pair of boots
Stlth    ++........             X - amulet of guardian spirit
HPRegen  0.43/turn              F - +6 ring of intelligence
MPRegen  0.12/turn              m - +4 ring of evasion

@: berserk cooldown, regenerating quickly, slowed, very slow
A: fangs 3, see invisible, unbreathing
a: Exsanguinate, Renounce Religion, Berserk, Trog's Hand, Brothers in Arms


You were in an ice cave.
You worshipped Trog.
Trog was extremely pleased with you.
You visited 3 branches of the dungeon, and saw 13 of its levels.
You also visited: Ossuary and Ice Cave.

You collected 801 gold pieces.
You spent 180 gold pieces at shops.

Inventory:

Hand Weapons
 a - a +4 long sword (weapon)
 b - a +4 great sword
 e - a +2 short sword of electrocution
 v - a +0 dagger of venom
 B - a +0 falchion
 S - a +4 falchion
Missiles
 l - 7 atropa-tipped darts (quivered)
 o - 33 sling bullets
 u - 3 curare-tipped darts
Armour
 s - a +0 scale mail
 z - a +0 pair of boots (worn)
 G - a +2 pair of gloves (worn)
 H - a +2 helmet (worn)
 P - +0 steam dragon scales (worn)
 T - a +0 troll leather armour
 V - a +0 pair of boots
Jewellery
 m - a +4 ring of evasion (right hand)
 F - a +6 ring of intelligence (left hand)
 L - an uncursed ring of flight
 X - an amulet of guardian spirit (around neck)
Wands
 d - a wand of disintegration (8)
 f - a wand of flame (27)
 g - a wand of digging (5)
 x - a wand of iceblast (13)
 O - a wand of paralysis (14)
 R - a wand of polymorph (7)
Scrolls
 h - 10 scrolls of remove curse
 j - 15 scrolls of identify
 k - 2 scrolls of blinking
 p - 4 scrolls of fear
 A - a scroll of magic mapping
 J - 2 scrolls of enchant weapon
 K - 2 scrolls of immolation
 N - 6 scrolls of enchant armour
 Q - 4 scrolls of teleportation
 U - a scroll of brand weapon {unknown}
 W - 3 scrolls of amnesia {unknown}
Potions
 c - 2 potions of curing
 i - a potion of berserk rage {unknown}
 n - a potion of attraction {unknown}
 q - a potion of magic {unknown}
 r - 2 potions of mutation {unknown}
 t - 2 potions of flight
 w - 2 potions of might {unknown}
 C - 2 potions of invisibility
 D - a potion of lignification {unknown}
 E - 3 potions of cancellation
 I - 2 potions of heal wounds {unknown}


   Skills:
 + Level 6.6 Fighting
 - Level 14.0 Long Blades
 - Level 1.5 Armour
 + Level 12.1 Dodging


You had 10 spell levels left.
You didn't know any spells.
Your spell library was empty.

Dungeon Overview and Level Annotations

Branches:
Dungeon (11/15)            Temple (1/1) D:7            Lair (1/6) D:11
    Orc (0/2) D:10        Ossuary (visited)           IceCv (1/1)

Altars:
Ashenzari
Cheibriados
Dithmenos
Elyvilon
Fedhas
Gozag
Hepliaklqana
Kikubaaqudgha
Makhleb
Nemelex Xobeh
Okawaru
Qazlal
Ru
Sif Muna
Trog
Uskayaw
Vehumet
Wu Jian
Xom
Yredelemnul
Zin
The Shining One

Shops:
D:5 ?:   D:7 [   D:8 !

Annotations:
D:6 1 transporter, OmenofDeath's ghost, amateur HuBe
D:7 3 runed translucent doors, Alvadar's ghost, novice DECj IceCv 2 transporters, exclusion: ice statue


Innate Abilities, Weirdness & Mutations

Your natural rate of healing is unusually fast.
You have razor-sharp teeth.
You have supernaturally acute eyesight. (SInv)
You can survive without breathing.


Message History

Unknown command.
You slash the ice beast!
The ice beast is heavily wounded.
You barely miss the ice beast. The ice statue gestures at you.
The freezing blast misses you. The ice beast completely misses you.
The ice beast misses you.
Unknown command.
You are engulfed in freezing vapours.
* * * LOW HITPOINT WARNING * * *
You feel a strong urge to attack something.
You are engulfed in freezing vapours.
* * * LOW HITPOINT WARNING * * *
You are no longer berserk.
You are exhausted.
You feel yourself slow down. The ice beast completely misses you.
You riposte.
You slash the ice beast!
The ice beast is severely wounded.
You are engulfed in freezing vapours.
You die...

#####
####...###
##........##
##..........#
#.....°.....#
......○8@.8.#
......°°°[.$#
.∩.©.☼°YY.:©#
.....☼○☼☼○.)#
.....§☼☼○.8.#
#...........#
##..........#
##........##
####...###


You could see an ice statue and 2 ice beasts.

Vanquished Creatures
  A hydra (D:11)
  A death knight (D:11)
  2 ugly things (IceCv)
  A cane toad (Lair:1)
  2 rime drakes (Lair:1)
  A kobold demonologist (D:11)
  Maggie (D:10)
  3 trolls
  A hornet (D:10)
  A wyvern (D:8)
  4 yaks
  Grum (D:8)
  A steam dragon (D:7)
  2 water moccasins
  7 ice beasts
  7 orc warriors
  An eye of draining (D:11)
  2 phantoms
  A sky beast (D:9)
  3 black bears
  4 ogres
  3 wolves
  12 centaurs
  3 big kobolds (D:10)
  4 elf zombies (Ossuary)
  7 bullfrogs
  6 gnoll sergeants
  A scorpion (D:11)
  4 killer bees (D:11)
  10 wights
  3 howler monkeys (D:7)
  2 centaur zombies (Ossuary)
  6 human zombies (Ossuary)
  6 jellies
  2 bullfrog zombies
  4 orc priests
  2 orc wizards
  2 bullfrog skeletons
  3 centaur skeletons
  6 hounds
  Ijyb (D:4)
  An iguana (D:9)
  3 worker ants
  Terence (D:2)
  A killer bee zombie (D:8)
  A hound zombie (D:5)
  3 mummies (Ossuary)
  12 gnolls
  9 adders
  3 shadow imps
  3 white imps
  4 ufetubi
  4 oozes
  An adder skeleton (D:8)
  2 worms (D:2)
  3 dart slugs
  5 leopard geckos
  26 orcs
  6 giant cockroaches
  18 goblins
  14 hobgoblins
  10 jackals
  5 kobolds
  5 quokkas
  A ball python (D:2)
  10 bats
  4 frilled lizards
  A giant cockroach zombie (D:5)
  A leopard gecko skeleton (D:5)
  A quokka skeleton (D:6)
  9 rats
301 creatures vanquished.

Vanquished Creatures (collateral kills)
  An ugly thing (D:11)
  A manticore (D:11)
  An ice statue (IceCv)
  A yak (D:11)
  A black bear (D:11)
  An ice beast (IceCv)
  A wight (D:11)
7 creatures vanquished.

Vanquished Creatures (others)
  A yak (D:11)
  An orc warrior (D:11)
  A gnoll (D:7)
  23 fungi (D:11)
  15 plants (D:11)
41 creatures vanquished.

Grand Total: 349 creatures vanquished

Notes
Turn   | Place    | Note
-------+----------+-------------------------------------------
     0 | D:1      | Morgon the Vampire Berserker began the quest for the Orb.
     0 | D:1      | Reached XP level 1. HP: 17/17 MP: 1/1
    94 | D:1      | Reached XP level 2. HP: 23/23 MP: 2/2
   620 | D:1      | Reached ** piety under Trog
   624 | D:1      | Reached XP level 3. HP: 26/29 MP: 3/3
   996 | D:2      | Found a bloodstained altar of Trog.
  1053 | D:2      | Found a radiant altar of Vehumet.
  1109 | D:2      | Noticed Terence
  1119 | D:2      | Killed Terence
  1120 | D:2      | Reached skill level 4 in Long Blades
  1120 | D:2      | Reached XP level 4. HP: 35/35 MP: 4/4
  1657 | D:3      | Reached *** piety under Trog
  2090 | D:3      | Reached XP level 5. HP: 41/41 MP: 5/5
  2600 | D:4      | Found a blossoming altar of Fedhas.
  2600 | D:4      | Found a burning altar of Makhleb.
  2600 | D:4      | Found a hide-covered altar of Uskayaw.
  2600 | D:4      | Found a glowing golden altar of the Shining One.
  2600 | D:4      | Found a sparkling altar of Nemelex Xobeh.
  2602 | D:4      | Found an ancient bone altar of Kikubaaqudgha.
  2602 | D:4      | Found a glowing silver altar of Zin.
  2608 | D:4      | Found a hazy altar of Hepliaklqana.
  2613 | D:4      | Noticed an ogre
  2625 | D:4      | Killed an ogre
  2699 | D:4      | Noticed Ijyb
  2733 | D:4      | Killed Ijyb
  2734 | D:4      | Reached skill level 5 in Long Blades
  2734 | D:4      | Reached XP level 6. HP: 41/48 MP: 6/6
  3024 | D:4      | Found a shadowy altar of Dithmenos.
  3042 | D:4      | Reached **** piety under Trog
  3352 | D:5      | Entered Level 5 of the Dungeon
  3355 | D:5      | Found Vumeturhyz's Book Boutique.
  3398 | D:5      | Found an iron altar of Okawaru.
  3670 | D:5      | Reached skill level 6 in Long Blades
  3670 | D:5      | Reached skill level 5 in Dodging
  3670 | D:5      | Reached XP level 7. HP: 36/54 MP: 7/7
  4157 | D:5      | Found Taket's Magic Scroll Emporium.
  4165 | D:5      | Bought a scroll of enchant armour for 90 gold pieces
  4165 | D:5      | Bought a scroll of enchant weapon for 90 gold pieces
  4317 | D:6      | Reached skill level 7 in Long Blades
  4462 | D:6      | Found a transporter.
  4843 | D:6      | Reached XP level 8. HP: 52/60 MP: 8/8
  5146 | D:6      | Noticed OmenofDeath's ghost (amateur HuBe)
  5372 | D:7      | Found a runed translucent gate.
  5372 | D:7      | Found a runed translucent gate.
  5372 | D:7      | Found a runed translucent gate.
  5390 | D:7      | Found a sand-covered staircase.
  5395 | Ossuary  | Entered an ossuary
  5526 | Ossuary  | Reached skill level 8 in Long Blades
  5844 | D:7      | Noticed Alvadar's ghost (novice DECj)
  5846 | D:7      | Noticed a kobold demonologist
  5846 | D:7      | Identified the +2 short sword "Ziysism" {venom, rC- Str-3
                  | Int+6}
  5934 | D:7      | Reached XP level 9. HP: 54/65 MP: 9/9
  6028 | D:7      | Found a staircase to the Ecumenical Temple.
  6133 | Temple   | Entered the Ecumenical Temple
  6432 | D:7      | Reached ***** piety under Trog
  6472 | D:7      | Found a basalt altar of Yredelemnul.
  6758 | D:7      | Found Zitir's Armour Emporium.
  6894 | D:7      | Reached skill level 10 in Dodging
  7059 | D:8      | Reached skill level 9 in Long Blades
  7661 | D:8      | Found Ket Nimi's Distillery.
  7716 | D:8      | Noticed Grum
  7881 | D:8      | Killed Grum
  8057 | D:8      | Found a sacrificial altar of Ru.
  8163 | D:8      | Reached XP level 10. HP: 40/71 MP: 10/10
  8772 | D:9      | Found a blossoming altar of Fedhas.
  9070 | D:10     | Entered Level 10 of the Dungeon
  9132 | D:10     | Noticed Maggie
  9152 | D:10     | Killed Maggie
  9153 | D:10     | Reached skill level 5 in Fighting
  9153 | D:10     | Reached skill level 10 in Long Blades
  9627 | D:10     | Found a sacrificial altar of Ru.
  9864 | D:10     | Found a staircase to the Orcish Mines.
  9921 | D:10     | Reached skill level 11 in Long Blades
 10674 | D:11     | Reached XP level 11. HP: 78/81 MP: 11/11
 10731 | D:11     | Noticed a death knight
 10757 | D:11     | Reached skill level 12 in Long Blades
 10771 | D:11     | Noticed a green ugly thing
 10825 | D:11     | Killed a death knight
 10833 | D:11     | Killed a green ugly thing
 11401 | D:11     | Found a staircase to the Lair.
 11473 | Lair:1   | Entered Level 1 of the Lair of Beasts
 11491 | Lair:1   | Noticed a six-headed hydra
 11493 | Lair:1   | Reached skill level 13 in Long Blades
 11505 | D:11     | Killed a six-headed hydra
 11578 | Lair:1   | Identified a scroll of acquirement
 11578 | Lair:1   | Acquired a +4 ring of evasion
 11623 | Lair:1   | Found a frozen archway.
 11632 | IceCv    | Entered an ice cave
 11632 | IceCv    | Noticed a white ugly thing
 11642 | IceCv    | Killed a white ugly thing
 11646 | IceCv    | Reached skill level 14 in Long Blades
 11659 | IceCv    | Found a transporter.
 11691 | IceCv    | Found a transporter.
 11692 | IceCv    | Noticed a white ugly thing
 11708 | IceCv    | Killed a white ugly thing
 11716 | IceCv    | Engulfed by an ice statue's freezing vapour

Illustrated notes

Levels and vault maps discovered:
D:1:      elethiomel_arrival_infinity_welcomes_careful_drivers, layout_basic
D:2:      layout_rooms, bloody_trog, lemuel_crystal_altar, uniq_terence
D:3:      layout_loops_corners, st_stairs_10, grunt_ministairs_4,
          guppyfry_early_orc_mine
D:4:      kennysheep_the_goblin_king, layout_basic, grunt_temple_overflow_open,
          old_standard_altar, minivault_4, corexii_shack
D:5:      layout_gridville, okawaru_ov_weapons_minmay, serial_shops, shop,
          nicolae_shop_behind_doors
D:6:      layout_basic, gammafunk_ghost_hive
D:7:      layout_loops_ring, minmay_temple_entry_junction_2, basic_altar,
          serial_shops, nicolae_shop_waterfront, enter_ossuary_2,
          gammafunk_ghost_nasty_kobolds
D:8:      layout_gridville, hangedman_ru_absence, serial_shops,
          nicolae_shop_crystal, grunt_ministairs_5, uniq_grum
D:9:      layout_basic, fedhas_ov_isle_minmay
D:10:     layout_loops_ring, kennysheep_orc_monster_closet_entryway,
          basic_altar, kennysheep_nondescript, uniq_maggie
D:11:     layout_roguey, grunt_lair_entry_orc_guard_hut
Temple:   jpeg_temple_island
Lair:1:   layout_hall_layers, portal_ice_cave_rime, infiniplex_staircase_pool
IceCv:    ice_cave_statue_garden_transporter

Skill      XL: |  1  2  3  4  5  6  7  8  9 10 11 |
---------------+----------------------------------+-----
Fighting       | 3 4 6 |  6.6
Long Blades    | 4 5 6 7 8 9 11 14 | 14.0
Dodging        | 3 4 5 6 9 12 | 12.1
Armour         | |  1.5

Action                   |  1- 3 |  4- 6 |  7- 9 | 10-12 || total
-------------------------+-------+-------+-------+-------++-------
Melee: Falchion          |   102 |       |       |       ||   102
       Bite              |    12 |    21 |    53 |    76 ||   162
       Short sword       |       |   189 |   471 |   246 ||   906
       Long sword        |       |       |       |   227 ||   227
Invok: Berserk           |     2 |       |     2 |     6 ||    10
       Brothers in Arms  |       |       |       |     4 ||     4
       Trog's Hand       |       |       |       |     1 ||     1
 Abil: Stop Flying       |       |       |       |     1 ||     1
       Evoke Flight      |       |       |       |     1 ||     1
  Use: Scroll            |       |       |     1 |    11 ||    12
       Potion            |       |       |       |     4 ||     4
 Stab: Sleeping          |       |       |       |     1 ||     1
       Invisible         |       |       |       |     1 ||     1
Armor: Animal skin       |    27 |     4 |       |       ||    31
       Ring mail         |       |    39 |    80 |       ||   119
       Steam dragon scal |       |       |    44 |    90 ||   134
Dodge: Dodged            |    60 |   105 |   383 |   475 ||  1023
       Rpst.: Falchion   |    17 |       |       |       ||    17
       Long sword        |       |       |       |    65 ||    65
